 Dungeon Crawl Stone Soup version 0.30-a0-782-ge64f9170bb (webtiles) character file.

Game seed: 16373433488082760913

349 Leeroy the Slasher (level 6, 0/30 HPs)
             Began as a Vine Stalker Gladiator on Feb 23, 2023.
             Slain by Sigmund
             ... wielding a +3 scythe of venom
              (9 damage)
             ... on level 4 of the Dungeon.
             The game lasted 00:03:24 (2391 turns).

Leeroy the Slasher (Vine Stalker Gladiator)         Turns: 2391, Time: 00:03:25

Health: 0/30       AC:  4    Str: 17    XL:     6   Next: 60%
Magic:  0/7        EV: 12    Int:  8    God:
Gold:   264        SH:  5    Dex: 17    Spells: 5/5 levels left

rFire   + . .      SeeInvis .    a - +0 long sword
rCold   x . .      Faith    .    (no shield)
rNeg    . . .      Spirit   +    b - +0 leather armour
rPois   .          Reflect  +    c - +0 helmet
rElec   .          Harm     .    (no cloak)
rCorr   .          Rampage  .    (no gloves)
Will    .....                    (no boots)
Stlth   +                        l - amulet of reflection
HPRegen 1.05/turn                i - ring of fire
MPRegen 0.10/turn                (no ring)

@: lethally poisoned (0 -> -2)
A: fangs 2, regeneration 1, magic shield, antimagic bite, no potion heal 2
a: no special abilities


You were on level 4 of the Dungeon.
You visited 1 branch of the dungeon, and saw 4 of its levels.

You collected 264 gold pieces.

Inventory:

Hand Weapons
 a - a +0 long sword (weapon)
 w - a +0 mace of protection
Missiles
 d - 2 throwing nets (quivered)
 e - a javelin
 n - 4 poisoned darts
Armour
 b - a +0 leather armour (worn)
 c - a +0 helmet (worn)
Magical Staves
 r - a staff of death
Jewellery
 i - a ring of fire (left hand)
 l - an amulet of reflection (around neck)
Scrolls
 f - a scroll of fear {unknown}
 g - a scroll of torment {unknown}
 h - a scroll of enchant weapon {unknown}
 m - a scroll of acquirement {unknown}
 o - 3 scrolls of teleportation {unknown}
 p - a scroll of amnesia {unknown}
 q - 2 scrolls of noise {unknown}
 s - 2 scrolls of enchant armour {unknown}
 v - a scroll of fog {unknown}
Potions
 j - a potion of might {unknown}
 k - 2 potions of heal wounds {unknown}
 t - a potion of attraction {unknown}
 u - a potion of curing {unknown}


   Skills:
 - Level 1.7 Fighting
 + Level 6.5 Long Blades
 - Level 1.7 Throwing
 - Level 2.4 Dodging
 - Level 0.1 Shields


You had 5 spell levels left.
You didn't know any spells.
Your spell library contained the following spells:

 Spells                   Type           Power      Damage    Failure   Level
 Call Imp                 Summ           0%         N/A       63%         2
 Cigotuvi's Dreadful Rot  Necr/Pois/Air  0%         N/A       63%         2
 Poisonous Vapours        Pois/Air       0%         N/A       63%         2
 Mephitic Cloud           Conj/Pois/Air  0%         N/A       85%         3
 Summon Ice Beast         Ice/Summ       0%         N/A       99%         4
 Irradiate                Conj/Tmut      0%         3d11      100%        5
 Dragon's Call            Summ           0%         N/A       100%        9


Dungeon Overview and Level Annotations

Branches:
Dungeon (4/15)
 Temple: D:4-7

Altars:

Annotations:
D:4 Sigmund


Innate Abilities, Weirdness & Mutations

You have extremely sharp teeth.
Your natural rate of healing is unusually fast.
When hurt, damage is shared between your health and your magic reserves.
Your bite disrupts and absorbs the magic of your enemies.
Potions cannot restore your health.


Message History

You see here a +0 mace of protection.
w - a +0 mace of protection Unknown command.
You now have 256 gold pieces (gained 11).
You now have 264 gold pieces (gained 8).
Done exploring.
Done exploring.
Done exploring.
Your movement speed is average.
Your attack delay is about 1.0.
Your damage rating with your +0 long sword is about 13 (Base 10 x 117% (Dex) x 116% (Skill)).
You open the door.
There is an open door here.
There is an open door here.
You see here a +0 chain mail.
There is a stone staircase leading down here.
You climb downwards.
Found a scroll labelled OMENNEREPA.
There is a stone staircase leading up here.
No target in view!
Sigmund the Dreaded comes into view.
He is wielding a +3 scythe of venom.
Sigmund is nearby!
Sigmund is nearby!
Sigmund shouts!
Sigmund mumbles some strange words.
Sigmund flickers and vanishes!
Deactivating autopickup; reactivate with Ctrl-A.
Something hits you!
You are poisoned.
You see here a scroll labelled OMENNEREPA.
You barely miss something. You bite something. You drain its magic.
You feel invigorated.
You feel sick.
You closely miss something. Your bite misses something.
You feel sick. Something hits you!
You are more poisoned.
You miss something. You bite something.
You feel very sick.
You hit something. Your bite misses something.
You feel very sick. Something hits you!
You die... # .# .. ##.##########.##### #....<.....@....... #############.##### #

There were no monsters in sight!

Vanquished Creatures
  Pargi (D:3)
  An orc priest (D:3)
  Natasha (thrice) (D:3)
  An orc wizard (D:3)
  6 adders
  4 worms
  A dart slug (D:2)
  8 orcs
  6 endoplasms
  3 goblins
  5 hobgoblins
  2 jackals (D:3)
  3 kobolds
  3 quokkas
  5 ball pythons
  4 bats
  3 frilled lizards
  4 rats (D:1)
63 creatures vanquished.

Notes
Turn   | Place    | Note
-------+----------+-------------------------------------------
     0 | D:1      | Leeroy the Vine Stalker Gladiator began the quest for the
                  | Orb.
     0 | D:1      | Reached XP level 1. HP: 11/11 MP: 2/2
    73 | D:1      | Reached skill level 3 in Long Blades
    87 | D:1      | Reached XP level 2. HP: 14/15 MP: 1/3
   769 | D:2      | Reached XP level 3. HP: 18/18 MP: 4/4
   867 | D:2      | Found a faded altar of an unknown god.
   874 | D:2      | Reached skill level 4 in Long Blades
   881 | D:2      | Gained mutation: Your natural rate of healing is unusually
                  | fast. [Vine Stalker growth]
   881 | D:2      | Reached XP level 4. HP: 16/23 MP: 3/5
  1400 | D:3      | Reached skill level 5 in Long Blades
  1400 | D:3      | Reached XP level 5. HP: 26/26 MP: 3/6
  1537 | D:3      | Noticed Natasha
  1546 | D:3      | Killed Natasha
  1603 | D:3      | Got the Guidebook on Metamorphosis and Beckoning
  1812 | D:3      | Noticed Natasha
  1818 | D:3      | Killed Natasha
  2168 | D:3      | Noticed Natasha
  2170 | D:3      | Noticed Pargi
  2174 | D:3      | Killed Natasha
  2175 | D:3      | Reached XP level 6. HP: 28/30 MP: 5/7
  2195 | D:3      | Reached skill level 6 in Long Blades
  2236 | D:3      | Killed Pargi
  2383 | D:4      | Noticed Sigmund
  2391 | D:4      | Slain by Sigmund

Illustrated notes

Levels and vault maps discovered:
D:1:      heliophobic_arrival_enchanted_forest, layout_rooms
D:2:      layout_basic, ebering_ecumenical_altar_sacrificial
D:3:      layout_loops_corners, chequers_arboretum, uniq_pargi, uniq_natasha
D:4:      layout_basic, uniq_sigmund

Skill      XL: |  1  2  3  4  5  6 |
---------------+-------------------+-----
Long Blades    | 3 4 5 6 |  6.5
Fighting       | |  1.7
Throwing       | |  1.7
Dodging        | |  2.4
Shields        | |  0.1

Action                     |  1- 3 |  4- 6 || total
---------------------------+-------+-------++-------
  Melee: Long sword        |    63 |   116 ||   179
         Bite              |    16 |    34 ||    50
         Punch             |       |     1 ||     1
  Throw: Throwing net      |       |     1 ||     1
   Stab: Sleeping          |     1 |     1 ||     2
 Armour: Leather armour    |    19 |    20 ||    39
  Dodge: Dodged            |    39 |    51 ||    90
  Block: Other             |    13 |    25 ||    38
         Reflection        |       |     1 ||     1

Table legend: (Time is in decaauts)
 A = Elapsed time spent in this place.
 B = Non-inter-level travel time spent in this place.
 C = Inter-level travel time spent in this place.
 D = Time resting spent in this place.
 E = Time spent auto-exploring this place.
 F = Levels seen in this place.
 G = Mean time per level.
                   A        B        C        D        E       F      G
               +--------+--------+--------+--------+--------+-----+--------+
         Total |   2429 |   2289 |    140 |      0 |   1777 |   4 |  607.2 |
       Dungeon |   2429 |   2289 |    140 |      0 |   1777 |   4 |  607.2 |
               +--------+--------+--------+--------+--------+-----+--------+

Top non-repeatable levels by time:
     D:3: 1164 daAuts
     D:2: 678 daAuts
     D:1: 576 daAuts
     D:4: 10 daAuts
